AoeStats
← matthew970127

Arena

509885966Analyzed
4v4 RM · 2d ago on Sep 28, 2026· 71m 43s· 8 players
Game mode
Random Map
Map size
Large (8 player)
Population
200
Speed
Normal
Resources
Standard
Victory
Conquest
Starting age
Dark Age
Ending age
Imperial Age
RankedLock teamsTeams togetherTeam positionsShared explorationLock speedFull tech treeHidden civsTurbo modeCheats
Victory
Defeat
🇨🇳 Saxons · China
929
+14
🇧🇪 Dravidians · Belgium
872
+17
🇵🇷 Persians · Puerto Rico
821
+19
🇹🇼 Spanish · Taiwan
807
+47
🇹🇼 Britons · Taiwan
929
-19
🇦🇷 Persians · Argentina
923
-19
🇹🇼 Sicilians · Taiwan
922
-19
🇹🇼 Mongols · Taiwan
760
-12
Roberto_Panini
2:31 Loom
12:14 Feudal Age
12:52 Double-Bit Axe
14:16 Town Watch
18:17 Castle Age
16:18 Fletching
17:22 Horse Collar
24:32 Padded Archer Armor
28:23 Imperial Age
26:13 Pikeman
28:45 Squires
28:32 Arson
30:06 Elite Urumi Swordsman
30:56 Halberdier
40:22 Onager
51:13 Siege Onager
55:53 Wheelbarrow
61:08 Scale Mail Armor
68:14 Fortified Wall
68:14 Masonry
yamir0000
2:51 Loom
13:20 Feudal Age
14:55 Double-Bit Axe
15:58 Wheelbarrow
19:00 Castle Age
17:52 Scale Barding Armor
18:29 Horse Collar
19:17 Forging
20:13 Bloodlines
21:09 Bow Saw
24:38 Chain Barding Armor
27:22 Iron Casting
26:40 Fletching
26:50 Padded Archer Armor
28:09 Kamandaran
30:51 Hand Cart
30:22 Town Watch
30:40 Heavy Plow
32:33 Ballistics
37:19 Imperial Age
36:42 Bodkin Arrow
37:02 Leather Archer Armor
36:41 Heated Shot
37:02 Masonry
36:27 Crossbowman
37:12 Thumb Ring
38:06 Husbandry
38:34 Conscription
38:38 Gold Mining
38:39 Stone Mining
40:00 Plate Barding Armor
39:33 Light Cavalry
40:21 Elite War Elephant
42:41 Gold Shaft Mining
42:41 Stone Shaft Mining
43:58 Chemistry
43:01 Devotion
46:03 Blast Furnace
45:34 Ring Archer Armor
46:12 Two-Man Saw
45:48 Architecture
45:14 Murder Holes
44:53 Sappers
48:47 Hussar
50:05 Crop Rotation
51:32 Citadels
51:58 Hoardings
64:08 Caravan
joile003
10:07 Feudal Age
11:05 Double-Bit Axe
11:59 Wheelbarrow
19:41 Castle Age
21:11 Bow Saw
25:20 Gold Mining
26:19 Fortified Wall
27:10 Hand Cart
26:37 Horse Collar
28:02 Fletching
34:35 Imperial Age
37:43 Chemistry
37:01 Herbal Medicine
38:44 Elite Conquistador
40:13 Heavy Plow
45:04 Conscription
44:52 Light Cavalry
48:29 Bloodlines
天地银行行长
10:24 Feudal Age
12:35 Fletching
16:06 Castle Age
15:55 Stone Mining
16:02 Horse Collar
18:38 Loom
22:27 Double-Bit Axe
24:59 Heavy Plow
28:40 Bow Saw
28:36 Gold Mining
30:23 Gold Shaft Mining
34:18 Imperial Age
31:56 Town Watch
32:46 Wheelbarrow
32:21 Scale Mail Armor
32:32 Forging
33:37 Chain Mail Armor
34:43 Squires
34:04 Pikeman
35:41 Conscription
34:41 Elite Hearth Troop
35:22 Halberdier
37:23 Plate Mail Armor
37:28 Iron Casting
38:35 Arson
38:14 Elite Varangian Guard
41:01 Shield Wall
42:55 Crop Rotation
43:42 Two-Man Saw
44:54 Elite Hearth Troop
45:49 Bodkin Arrow
50:55 Capped Ram
55:12 Siege Engineers
56:50 Bodkin Arrow
56:56 Padded Archer Armor
56:50 Elite Skirmisher
57:50 Bracer
59:42 Hoardings
59:11 Murder Holes
58:57 Treadmill Crane
59:39 Ballistics
60:19 Chemistry
60:47 Siege Ram
66:03 Fortified Wall
66:04 Masonry
zzy320286
11:06 Feudal Age
14:50 Castle Age
12:59 Double-Bit Axe
13:05 Horse Collar
15:52 Bow Saw
19:37 Wheelbarrow
21:20 Heavy Plow
22:23 Loom
22:54 Hand Cart
22:43 Gold Mining
23:23 Stone Mining
24:13 Gold Shaft Mining
24:52 Stone Shaft Mining
28:50 Imperial Age
26:52 Padded Archer Armor
26:42 Fletching
27:00 Scale Barding Armor
27:06 Forging
27:57 Town Watch
27:58 Loom
28:40 Chain Barding Armor
28:28 Husbandry
28:38 Bloodlines
28:57 Ballistics
29:53 Iron Casting
28:41 Cavalier
30:20 Plate Barding Armor
30:09 Savar
31:51 Blast Furnace
31:44 Crop Rotation
32:25 Conscription
32:31 Town Patrol
35:00 Two-Man Saw
35:02 Padded Archer Armor
34:52 Fletching
37:01 Chemistry
37:28 Leather Archer Armor
37:08 Bodkin Arrow
37:40 Citadels
40:26 Light Cavalry
41:20 Guilds
41:40 Coinage
42:25 Thumb Ring
41:42 Crossbowman
42:25 Kamandaran
43:07 Caravan
42:32 Hussar
44:31 Ring Archer Armor
45:52 Banking
matthew970127
9:11 Feudal Age
15:29 Castle Age
14:04 Double-Bit Axe
16:02 Horse Collar
19:02 Heavy Plow
20:35 Bow Saw
22:29 Wheelbarrow
21:44 Loom
23:15 Scale Mail Armor
23:07 Fletching
23:23 Stone Mining
24:16 Padded Archer Armor
24:47 Gold Mining
29:14 Imperial Age
27:15 Hand Cart
26:48 Town Watch
27:50 Leather Archer Armor
28:52 Gold Shaft Mining
28:18 Bodkin Arrow
29:38 Forging
29:29 Scale Mail Armor
29:54 Pikeman
30:35 Squires
30:21 Arson
31:42 Halberdier
33:07 Ring Archer Armor
32:37 Bracer
33:13 Iron Casting
32:53 Chain Mail Armor
33:34 Ballistics
34:49 Conscription
38:13 Yeomen
37:16 Elite Longbowman
39:11 Arson
40:02 Plate Mail Armor
40:33 Blast Furnace
40:37 Chemistry
39:50 Fortified Wall
42:44 Warwolf
46:50 Hoardings
56:11 Two-Man Saw
69:04 Scale Barding Armor
69:00 Murder Holes
70:07 Guard Tower
yainyuyu
10:10 Feudal Age
17:01 Castle Age
16:11 Double-Bit Axe
18:39 Horse Collar
22:36 Husbandry
22:43 Gold Mining
23:40 Fletching
24:24 Town Watch
25:30 Bow Saw
25:32 Padded Archer Armor
25:47 Bloodlines
32:39 Heavy Plow
32:36 Bodkin Arrow
32:57 Leather Archer Armor
33:40 Wheelbarrow
34:03 Ballistics
36:14 Thumb Ring
37:56 Hand Cart
44:14 Imperial Age
41:48 Town Patrol
41:34 Loom
45:25 Parthian Tactics
44:34 Elite Mangudai
47:47 Bracer
50:49 Chemistry
49:55 Siege Engineers
micky970815
10:45 Feudal Age
10:43 Loom
23:24 Castle Age
21:30 Double-Bit Axe
21:28 Horse Collar
23:08 Scale Mail Armor
23:19 Forging
25:19 Bow Saw
26:20 Pikeman
41:42 Imperial Age
40:14 Squires
41:11 Heavy Plow
42:04 Chain Mail Armor
42:25 Iron Casting
43:04 Wheelbarrow
42:07 Capped Ram
42:20 Halberdier
45:37 Hand Cart
47:22 Plate Mail Armor
49:23 Blast Furnace
Connection lost

Rejoining the realm…

Still unreachable

The connection could not be restored.

Session expired

The server has moved on; the page needs a fresh start.